 Dungeon Crawl Stone Soup version 0.31.0-32-g396128a36d (webtiles) character file.

Game seed: 10738778857347839230

95 Silvore the Shield-Bearer (level 4, 0/40 HPs)
             Began as a Minotaur Fighter on Mar 13, 2024.
             Killed by nerve-wracking pain
             ... invoked by an orc priest
              (14 damage)
             ... on level 3 of the Dungeon.
             The game lasted 00:03:12 (1852 turns).

Silvore the Shield-Bearer (Minotaur Fighter)        Turns: 1852, Time: 00:03:13

Health: 0/40       AC: 15    Str: 23    XL:     4   Next: 39%
Magic:  3/3        EV:  6    Int:  5    God:
Gold:   94         SH:  4    Dex:  9    Spells: 3/3 levels left

rFire   . . .        a - +0 flail
rCold   . . .        c - +0 buckler
rNeg    . . .        k - +0 plate armour
rPois   .            (helmet restricted)
rElec   .            g - +2 cloak
rCorr   .            (no gloves)
SInv    .            (no boots)
Will    .....        (no amulet) Stlth
                     (no ring)
HPRegen 0.26/turn    (no ring)
MPRegen 0.08/turn

%: no passive effects
@: no status effects
A: horns 2, retaliatory headbutt
a: no special abilities


You were on level 3 of the Dungeon.
You visited 1 branch of the dungeon, and saw 3 of its levels.

You collected 94 gold pieces.

Inventory:

Hand Weapons
 a - a +0 flail (weapon)
Armour
 b - a +0 scale mail
 c - a +0 buckler (worn)
 g - a +2 cloak (worn)
 k - a +0 plate armour (worn)
Jewellery
 e - a ring of magical power
 f - an amulet of faith
Scrolls
 j - a scroll of enchant armour
 l - a scroll of blinking {unknown}
Potions
 d - 2 potions of might
 h - 2 potions of brilliance
 i - a potion of curing
 n - a potion of mutation
 o - a potion of haste {unknown}


   Skills:
 + Level 4.0 Fighting
 + Level 4.2 Maces & Flails
 + Level 4.2 Armour
 + Level 4.4 Shields


You had 3 spell levels left.
You didn't know any spells.
Your spell library contained the following spells:

 Spells                   Type           Power      Damage    Failure   Level
 Fugue of the Fallen      Necr           0%         N/A       100%        3
 Ozocubu's Armour         Ice            0%         N/A       100%        3
 Manifold Assault         Tloc           0%         N/A       100%        4


Dungeon Overview and Level Annotations

Branches:
Dungeon (3/15)

Altars:

Shops:
D:1 !


Innate Abilities, Weirdness & Mutations

You have a pair of horns on your head.
You reflexively headbutt those who attack you in melee.


Message History

Okay, then.
There is a stone staircase leading down here.
You climb downwards.
There is a stone staircase leading up here.
l - a scroll labelled GEGIFU WYOXERCH
Found a stone staircase leading down.
An orc comes into view. It is wielding a +0 dagger.
The orc shouts!
An orc priest comes into view. It is wielding a +0 morningstar.
The orc priest shouts!
An orc comes into view. It is wielding a +0 whip.
Found 11 gold pieces.
The orc shouts!
A bat comes into view.
The bat barely misses you. The bat completely misses you.
The bat hits you but does no damage.
A goblin comes into view. It is wielding a +0 dagger.
Found 9 gold pieces.
The goblin shouts!
You block the bat's attack. The bat hits you but does no damage. x2
You closely miss the bat. The bat hits you.
The bat hits you but does no damage. You block the bat's attack.
You closely miss the bat. You headbutt the bat.
You kill the bat!
You block the goblin's attack.
You barely miss the goblin. The goblin barely misses you.
You barely miss the goblin. The goblin barely misses you.
You furiously retaliate!
You headbutt the goblin.
The orc priest mumbles some strange prayers to Beogh against you.
Beogh smites you! The orc hits you with a +0 whip.
The orc priest mumbles some strange prayers to Beogh against you.
Beogh smites you! The orc barely misses you.
You closely miss the orc priest. You headbutt the orc priest.
The orc priest is lightly wounded.
The orc hits you but does no damage. You block the orc priest's attack.
The goblin hits you but does no damage. The orc hits you but does no damage.
The orc priest mumbles some strange prayers to Beogh against you.
Pain shoots through your body!
You die...

.. $. .. ####. .
.... ..######..
.......#o#
........@#
#.....og#
#.......#.......#
.....#.#.#.......#
.# #...
#.#.#.~...~.#...#
...
..#.#.o.....#...#
# ####.##..o..#
...#
#.###$⌠$###...#
#..#######....#


You could see an orc priest, an orc and a goblin.

Vanquished Creatures
  2 adders (D:2)
  4 dart slugs
  3 ribbon worms (D:2)
  3 ball pythons
  7 endoplasms
  3 giant cockroaches
  4 goblins
  4 hobgoblins
  4 jackals (D:2)
  3 quokkas
  8 bats
  4 frilled lizards
  6 kobolds (D:1)
  7 rats
62 creatures vanquished.

Notes
Turn   | Place    | Note
-------+----------+-------------------------------------------
     0 | D:1      | Silvore the Minotaur Fighter began the quest for the Orb.
     0 | D:1      | Reached XP level 1. HP: 19/19 MP: 0/0
   104 | D:1      | Found Suoc's Distillery.
   136 | D:1      | Reached XP level 2. HP: 27/27 MP: 1/1
   291 | D:1      | Found a faded altar of an unknown god.
   494 | D:1      | Reached XP level 3. HP: 33/33 MP: 2/2
  1190 | D:2      | Reached XP level 4. HP: 40/40 MP: 3/3
  1852 | D:3      | Killed from afar by an orc priest

Illustrated notes

Levels and vault maps discovered:
D:1:      eino_arrival_cavern_e, layout_loops_ring,
          hellmonk_ecumenical_altar_inner_sanctum, serial_shops,
          nicolae_square_shop, minmay_3d_cube
D:2:      layout_basic
D:3:      cheibrodos_pilgrimage, layout_basic, serial_shops, shop

Skill      XL: |  1  2  3  4 |
---------------+-------------+-----
Shields        | 4 |  4.4
Armour         | 4 |  4.2
Fighting       | 4 |  4.0
Maces & Flails | 3 4 |  4.2

Action                     |  1- 3 |  4- 6 || total
---------------------------+-------+-------++-------
  Melee: Flail             |   100 |    44 ||   144
         Headbutt          |    10 |     7 ||    17
    Use: Scroll            |     4 |     6 ||    10
 Armour: Scale mail        |    26 |       ||    26
         Plate armour      |    58 |    63 ||   121
  Dodge: Dodged            |    41 |    24 ||    65
  Block: Buckler           |    23 |    17 ||    40
